AoeStats
← NuMa | Gacha

Arena

505101298Analyzed
2v2 RM · 26d ago on Sep 7, 2026· 74m 48s· 4 players
Game mode
Random Map
Map size
Medium (4 player)
Population
200
Speed
Normal
Resources
Standard
Victory
Conquest
Starting age
Dark Age
Ending age
Imperial Age
RankedLock teamsTeams togetherTeam positionsShared explorationLock speedFull tech treeHidden civsTurbo modeCheats
Victory
Defeat
🇩🇪 Franks · Germany
1133
+13
🇧🇪 Cumans · Belgium
1051
+17
🇨🇴 Italians · Colombia
1071
-15
🇨🇦 Japanese · Canada
1070
-15
Addicted8763
12:15 Feudal Age
15:57 Castle Age
14:03 Double-Bit Axe
14:17 Horse Collar
15:08 Gold Mining
15:07 Loom
26:44 Scale Mail Armor
26:55 Forging
28:33 Wheelbarrow
30:25 Pikeman
32:23 Squires
35:58 Imperial Age
35:25 Chain Mail Armor
36:31 Halberdier
41:01 Iron Casting
41:07 Plate Mail Armor
43:15 Blast Furnace
47:19 Fletching
47:29 Padded Archer Armor
50:39 Bodkin Arrow
53:39 Elite Skirmisher
NuMa | Gacha
10:35 Feudal Age
14:53 Castle Age
14:14 Double-Bit Axe
15:06 Stone Mining
20:34 Loom
23:21 Wheelbarrow
23:46 Town Watch
24:56 Hand Cart
24:30 Horse Collar
25:48 Heavy Plow
27:27 Stone Shaft Mining
29:52 Imperial Age
28:03 Fletching
28:36 Bow Saw
29:24 Bodkin Arrow
29:30 Padded Archer Armor
29:56 Elite Genoese Crossbowman
31:00 Conscription
33:02 Chemistry
32:22 Ballistics
36:44 Bracer
37:00 Leather Archer Armor
37:41 Crop Rotation
37:25 Forging
37:21 Scale Barding Armor
40:19 Ring Archer Armor
41:43 Gold Mining
42:31 Stone Shaft Mining
42:34 Iron Casting
47:31 Pikeman
48:12 Squires
48:24 Scale Mail Armor
49:25 Blast Furnace
49:53 Murder Holes
50:25 Elite Skirmisher
51:29 Chain Barding Armor
51:27 Chain Mail Armor
LSD SaChOuSs
10:05 Feudal Age
10:49 Double-Bit Axe
10:45 Horse Collar
14:19 Wheelbarrow
13:43 Gold Mining
13:47 Stone Mining
14:32 Loom
21:07 Castle Age
19:54 Scale Barding Armor
21:59 Bow Saw
22:27 Heavy Plow
22:45 Hand Cart
23:23 Forging
23:28 Bloodlines
28:14 Imperial Age
26:31 Gold Shaft Mining
28:28 Chain Barding Armor
28:28 Cavalier
31:13 Plate Barding Armor
30:25 Paladin
32:43 Two-Man Saw
32:53 Conscription
33:32 Iron Casting
36:26 Blast Furnace
35:19 Fletching
35:44 Elite Kipchak
38:47 Bodkin Arrow
38:52 Padded Archer Armor
39:19 Ballistics
38:54 Murder Holes
38:50 Heated Shot
39:54 Cuman Mercenaries
42:10 Leather Archer Armor
50:29 Guilds
59:37 Town Watch
60:49 Hoardings
68:43 Light Cavalry
69:30 Steppe Husbandry
71:35 Hussar
72:55 Ring Archer Armor
72:26 Scale Mail Armor
zeromaster
13:12 Feudal Age
13:49 Double-Bit Axe
16:45 Castle Age
18:06 Bow Saw
18:24 Loom
20:35 Light Cavalry
Connection lost

Rejoining the realm…

Still unreachable

The connection could not be restored.

Session expired

The server has moved on; the page needs a fresh start.